 Dungeon Crawl Stone Soup version 0.17-a0-1637-g5d65775 (webtiles) character file.

3493 Gorice the Carver (level 9, -2/75 HPs)
             Began as a Mummy Wanderer on Aug 7, 2015.
             Slain by a manticore (6 damage)
             ... on level 9 of the Dungeon.
             The game lasted 00:59:40 (11529 turns).

Gorice the Carver (Mummy Wanderer)                 Turns: 11529, Time: 00:59:40

Health: -2/75      AC:  9    Str: 16    XL:     9   Next: 80%
Magic:  10/10      EV:  9    Int: 11    God:
Gold:   595        SH:  0    Dex: 14    Spells: 0 memorised, 8 levels left

rFire  . . .     SeeInvis .     a - +3 falchion
rCold  . . .     Clarity  .     G - +1 scale mail {rN+}
rNeg   + + +     SustAt   .     (no shield)
rPois  ∞         Gourm    .     v - +0 hat
rElec  .         Spirit   .     q - +0 cloak
rCorr  .         Warding  .     s - +0 pair of gloves
rMut   .         Stasis   .     (no boots)
MR     +....                    (no amulet)
Stlth  ..........               (no ring)
                                i - ring of fire

@: somewhat resistant to hostile enchantments, extremely unstealthy
A: no food or potions, fire vulnerability, cold resistance 1, negative energy
resistance 3, torment resistance, unbreathing
a: no special abilities


You were on level 9 of the Dungeon.
You were not hungry.

You visited 2 branches of the dungeon, and saw 11 of its levels.
You also visited: Ossuary.

You collected 595 gold pieces.

Inventory:

Hand weapons
 a - a +3 falchion (weapon)
 b - the +11 hunting sling of Immorality {freeze, Stlth+}
   (You found it on level 8 of the Dungeon)

   It causes projectiles fired from it to freeze those they strike, causing
   extra injury to most foes and up to half again as much damage against
   particularly susceptible opponents.
   They can also slow down cold-blooded creatures.
   It makes you more stealthy.
 w - a +0 shortbow
 B - a +0 blowgun
 C - a cursed -1 war axe
 H - a +0 long sword
Missiles
 h - 45 bolts
 k - 29 sling bullets
 p - 2 poisoned needles
 x - 9 arrows of dispersal
 y - 5 javelins (quivered)
 L - 3 tomahawks
 Y - a throwing net
 Z - 179 stones
Armour
 q - a +0 cloak (worn)
 s - a +0 pair of gloves (worn)
 v - a +0 hat (worn)
 F - a +0 chain mail
 G - a +1 scale mail of positive energy (worn)
   (You took it off an orc in the Ecumenical Temple)
Jewellery
 c - an uncursed ring of wizardry
 i - a ring of fire (left hand)
 E - an uncursed ring of wizardry
Magical devices
 d - a wand of lightning (7)
 j - a wand of frost (35)
 n - a wand of paralysis (2)
 r - a wand of magic darts (20)
 u - a wand of polymorph (19)
 I - a wand of frost (18)
 J - a wand of slowing (41)
 M - a wand of slowing (19)
Scrolls
 e - 2 scrolls of noise {!r}
 f - 4 scrolls of remove curse
 g - 3 scrolls of recharging
 l - 3 scrolls of teleportation {!r}
 m - 2 scrolls of fog
 o - 2 scrolls of immolation {!r}
 t - 2 scrolls of amnesia
 z - a scroll of enchant weapon
 A - a scroll of fear {!r}
 D - 2 scrolls of enchant armour
 K - a scroll of magic mapping {unknown}


   Skills:
 + Level 8.9 Fighting
 * Level 9.8 Long Blades
 - Level 1.0 Dodging
 - Level 1.5 Stealth
 - Level 1.5 Evocations


You had 8 spell levels left.
You didn't know any spells.

Dungeon Overview and Level Annotations

Branches:
Dungeon (10/15)            Temple (1/1) D:7
   Lair: D:8-11         Orc: D:9-12

Altars:
Ashenzari
Cheibriados
Dithmenos
Elyvilon
Fedhas
Gozag
Kikubaaqudgha
Nemelex Xobeh
Okawaru
Qazlal
Ru
Sif Muna
Trog
Vehumet
Xom
Yredelemnul
Zin
The Shining One

Shops:
D:4 }

Annotations:
D:8 pUX: bees!
D:9 exclusion: upstairs


Innate Abilities, Weirdness & Mutations

You do not eat or drink.
Your flesh is vulnerable to fire.
You are immune to poison.
Your flesh is cold resistant.
You are immune to negative energy.
You are immune to unholy pain and torment.
You can survive without breathing.


Message History

Level annotation: exclusion: upstairs The orc misses you.
There is a stone staircase leading down here.
Firing (i - inventory. (,) - cycle):
p - 4 poisoned needles (quivered)
Press: ? - help, Shift-Dir - straight line, f - manticore
Aim: a manticore You shoot a poisoned needle.
The poisoned needle barely misses the orc.
The poisoned needle hits the manticore!
The manticore is poisoned.
The orc barely misses you.
Firing (i - inventory. (,) - cycle):
p - 3 poisoned needles (quivered)
Press: ? - help, Shift-Dir - straight line, f/p - manticore
Aim: a manticore (lightly wounded, poisoned)
You shoot a poisoned needle.
The poisoned needle closely misses the orc.
The poisoned needle hits the manticore!
The manticore looks even sicker.
The manticore is lightly wounded.
Unknown command.
a - a +3 falchion (weapon)
You barely miss the manticore.
The manticore is lightly wounded.
The manticore bites you.
The manticore claws you but does no damage.
The manticore claws you!
Damage: 16 (max 16)
You hit the manticore.
The manticore is lightly wounded.
The manticore bites you!
The manticore claws you but does no damage.
The manticore claws you!
You hear a shout!
Damage: 26 (max 26)
You closely miss the manticore.
The manticore is lightly wounded.
You hear a shout!
Unknown command.
You slash the manticore!
The manticore is moderately wounded.
The manticore bites you! The manticore claws you!
* * * LOW HITPOINT WARNING * * *
The manticore claws you!
* * * LOW HITPOINT WARNING * * *
Damage: 29 (max 29) Evoke which item? (* to show all) (? for menu, Esc to quit)
Zapping:
n - a wand of paralysis (3)
Press: ? - help, Shift-Dir - straight line, f/p - manticore
Aim: a manticore (moderately wounded, poisoned, chance to defeat MR: 31%)
The manticore easily resists.
This wand has 2 charges left.
The manticore bites you.
You die...

#####
################....
#.(.Oo...((.((....).
#.############.#.###
##.####(##########
#.#.###
.......oH@.......#
#.#[#.(
##..###o########.#
#.#.#.# # #(# #.#
#.#.(.[ #(# #.#
#.###.# #(# #.# #.#
#.# #(# #.# #.# #.#
#o# #.# ... #(o ...
#.# #.o #.# #.#


You could see a manticore and 2 orcs.

Vanquished Creatures
  Menkaure (D:7)
  3 sky beasts
  A black bear (D:6)
  6 orc warriors
  5 ogres
  3 centaurs
  An elf zombie (Ossuary)
  2 giant frogs
  2 scorpions
  3 killer bees
  6 wights (D:8)
  3 crimson imps
  5 hounds
  A jelly (D:8)
  A giant frog zombie (D:5)
  2 giant frog skeletons
  A human zombie (Ossuary)
  3 orc priests
  4 orc wizards
  4 iguanas
  4 worker ants
  A hound skeleton (D:4)
  4 mummies (Ossuary)
  A worker ant zombie (D:8)
  3 gnolls (D:8)
  7 adders
  2 shadow imps
  An ooze (D:1)
  3 adder zombies
  3 worms
  2 adder skeletons
  3 giant geckos
  34 orcs
  3 ball pythons
  7 giant cockroaches
  4 hobgoblins
  12 jackals
  4 bats
  5 giant newts
  2 gnoll zombies (Ossuary)
  5 goblins
  A goblin zombie (D:6)
  2 hobgoblin zombies (Ossuary)
  7 kobolds
  A kobold zombie (Ossuary)
  2 orc zombies (Ossuary)
  3 quokkas
  2 quokka zombies (D:6)
  3 rats (D:2)
  A rat zombie (Ossuary)
189 creatures vanquished.

Notes
Turn   | Place    | Note
--------------------------------------------------------------
     0 | D:1      | Gorice the Mummy Wanderer began the quest for the Orb.
     0 | D:1      | Gorice set off with: a +2 falchion, 2 scrolls of teleportation {!r}, a +0 robe, a +0 dagger
     0 | D:1      | Reached XP level 1. HP: 19/19 MP: 2/2
   160 | D:1      | Reached XP level 2. HP: 15/25 MP: 3/3
   943 | D:2      | Reached skill level 2 in Long Blades
  1007 | D:2      | Reached XP level 3. HP: 28/30 MP: 4/4
  1404 | D:3      | Reached XP level 4. HP: 31/38 MP: 5/5
  2268 | D:3      | Found a stormy altar of Qazlal.
  2574 | D:3      | Found a deep blue altar of Sif Muna.
  2707 | D:4      | Reached skill level 3 in Long Blades
  2741 | D:4      | Reached XP level 5. HP: 43/43 MP: 6/6
  2775 | D:4      | Reached skill level 5 in Fighting
  2931 | D:4      | HP: 11/44 [hound (3)]
  2936 | D:4      | HP: 4/44 [hound (2)]
  3304 | D:4      | Reached skill level 4 in Long Blades
  3593 | D:4      | Reached XP level 6. HP: 33/51 MP: 7/7
  3603 | D:4      | HP: 13/51 [iguana (6)]
  3971 | D:4      | Found Jiefoom's Gadget Shoppe.
  3999 | D:5      | Entered Level 5 of the Dungeon
  4035 | D:5      | Found an ancient bone altar of Kikubaaqudgha.
  4320 | D:5      | Reached skill level 5 in Long Blades
  4560 | D:5      | Reached XP level 7. HP: 55/57 MP: 8/8
  4716 | D:5      | HP: 16/57 [centaur (5)]
  4848 | D:4      | Reached skill level 6 in Fighting
  5202 | D:5      | HP: 17/58 [something (3)]
  5208 | D:5      | HP: 9/58 [sky beast (4)]
  5208 | D:5      | HP: 4/58 [sky beast (5)]
  5670 | D:6      | Reached skill level 6 in Long Blades
  5705 | D:6      | Found a sand-covered staircase.
  5726 | Ossuary  | Entered an ossuary
  5789 | Ossuary  | HP: 17/59 [kobold zombie (1)]
  5797 | Ossuary  | Reached XP level 8. HP: 20/65 MP: 9/9
  5835 | Ossuary  | HP: 19/65 [mummy (3)]
  6643 | D:6      | Reached skill level 7 in Long Blades
  6664 | D:6      | Reached skill level 7 in Fighting
  7122 | D:7      | Noticed Menkaure
  7143 | D:7      | Killed Menkaure
  7575 | D:7      | Found a staircase to the Ecumenical Temple.
  7604 | Temple   | Entered the Ecumenical Temple
  8020 | D:7      | Reached skill level 8 in Long Blades
  8199 | Temple   | HP: 9/67 [ogre/giant club (20)]
  8216 | Temple   | HP: 9/67 [orc (4)]
  8283 | Temple   | HP: 13/67 [ogre/giant club (10)]
  8578 | Temple   | Reached XP level 9. HP: 73/73 MP: 10/10
  9322 | D:8      | Reached skill level 8 in Fighting
  9748 | D:8      | Found a white marble altar of Elyvilon.
  9748 | D:8      | Found a snail-covered altar of Cheibriados.
  9754 | D:8      | Found a glowing golden altar of the Shining One.
  9793 | D:8      | Got a smoking hunting sling
  9794 | D:8      | Identified the +11 hunting sling of Immorality {freeze, Stlth+} (You found it on level 8 of the Dungeon)
 10153 | D:8      | Reached skill level 9 in Long Blades
 10344 | D:9      | HP: 22/75 [killer bee (4)]
 10351 | D:9      | HP: 20/75 [killer bee (3)]
 10703 | D:9      | Found a deep blue altar of Sif Muna.
 11121 | D:10     | Entered Level 10 of the Dungeon
 11411 | D:9      | Noticed a manticore
 11528 | D:9      | HP: 13/75 [manticore (11)]
 11528 | D:9      | HP: 4/75 [manticore (9)]
 11529 | D:9      | Slain by a manticore

Vault maps used:
D:1:      ncdulo_halloftheorcs
D:3:      grunt_qazlal_clouds, lemuel_blue_sif_altar
D:4:      serial_shops, kennysheep_little_box
D:5:      kiku_gazebo_garden_becter, first_bread, grunt_ministairs_4
D:6:      enter_ossuary_4
D:7:      temple_pool_a, grunt_ogre_cave, uniq_menkaure
D:8:      nicolae_overflow_hidden_temple
D:9:      lemuel_round_altar, makhleb_altar_promises_db, special_room,
          serial_shops, nicolae_shop_waterfront, st_stairs_7, spider_trap,
          uniq_pikel
D:10:     dpeg_lair_monsters
Temple:   circular_temple_pool_12
Ossuary:  ossuary_minmay_tomb_2a

Action                   |  1- 3 |  4- 6 |  7- 9 || total
-------------------------+-------+-------+-------++-------
Melee: Falchion          |   100 |   137 |   327 ||   564
 Fire: Hunting sling     |       |    29 |    89 ||   118
       Blowgun           |       |    53 |   113 ||   166
Throw: Stone             |    16 |     2 |     1 ||    19
Evoke: Wand              |       |       |     3 ||     3
  Use: Scroll            |     6 |     6 |     4 ||    16
 Stab: Sleeping          |     2 |     1 |       ||     3
       Paralysed         |       |       |     2 ||     2

Table legend:
 A = Turns spent in this place as a percentage of turns spent in the entire game.
 B = Non-inter-level travel turns spent in this place as a percentage of non-inter-level travel turns spent in the entire game.
 C = Inter-level travel turns spent in this place as a percentage of turns spent in this place.
 D = Turns resting spent in this place as a percentage of non-inter-level travel turns spent in this place.
 E = Turns spent auto-exploring this place as a percentage of non-inter-level travel turns spent in this place.
 F = Non-inter-level travel turns spent in this place divided by the number of levels of this place that you've seen.
                   A       B       C       D       E      F
               +-------+-------+-------+-------+-------+----------------------
         Total | 100.0 | 100.0 |   0.3 |   2.0 |   3.7 | 380.0
       Dungeon |  83.0 |  83.0 |   0.4 |   1.8 |   4.1 | 378.4
        Temple |   6.9 |   6.9 |   0.0 |   3.8 |   3.5 | 315.0
       Ossuary |  10.1 |  10.1 |   0.0 |   1.7 |   0.2 | 461.0
               +-------+-------+-------+-------+-------+----------------------

Vault maps used:
D:1:      ncdulo_halloftheorcs
D:3:      grunt_qazlal_clouds, lemuel_blue_sif_altar
D:4:      serial_shops, kennysheep_little_box
D:5:      kiku_gazebo_garden_becter, first_bread, grunt_ministairs_4
D:6:      enter_ossuary_4
D:7:      temple_pool_a, grunt_ogre_cave, uniq_menkaure
D:8:      nicolae_overflow_hidden_temple
D:9:      lemuel_round_altar, makhleb_altar_promises_db, special_room,
          serial_shops, nicolae_shop_waterfront, st_stairs_7, spider_trap,
          uniq_pikel
D:10:     dpeg_lair_monsters
Temple:   circular_temple_pool_12
Ossuary:  ossuary_minmay_tomb_2a
